 Zot Defence DCSS version 0.15-a0-1729-g99b9770 (webtiles) character file.

95 Cerberito the Skirmisher (level 4, -1/44 HPs)
             Began as a Naga Abyssal Knight on June 27, 2014.
             Was a Follower of Lugonu.
             Slain by a worm (10 damage)
             ... in the Realm of Zot (Scenario I: Hall of Zot).
             The game lasted 00:02:09 (281 turns).

Cerberito the Skirmisher (Naga Abyssal Knight)       Turns: 281, Time: 00:02:09

HP  -1/44        AC  3     Str 16      XL: 4   Next: 65%
MP   5/5         EV  9     Int 12      God: Lugonu [*.....]
Gold 0           SH  0     Dex 10      Spells:  0 memorised,  3 levels left

rFire  . . .     SeeInvis +     a - +1 spear
rCold  . . .     Clarity  .     b - +0 leather armour
rNeg   . . .     rCorr    .     (no shield)
rPois  +         rRot     .     (no helmet)
rElec  .         Spirit   .     (no cloak)
SustAb .         Warding  .     (no gloves)
rMut   .         Stasis   .     (no barding)
Gourm  .                        (no amulet)
MR     .....                    (no ring)
                                (no ring)

@: very slightly contaminated, hasted (expiring), quick, not resistant to
hostile enchantments, very unstealthy
A: spit poison, see invisible, deformed body, poison resistance, slowness 2, AC
+1
a: Make oklob sapling, Make arrow trap, Make plant, Remove Curse, Spit Poison,
Renounce Religion


You were in the Realm of Zot.
You worshipped Lugonu.
Lugonu was aware of your devotion.
You were not hungry.

You visited 1 branch

Inventory:

Hand weapons
 a - a +1 spear (weapon)
Armour
 b - a +0 leather armour (worn)
Comestibles
 d - a bread ration
Scrolls
 i - a scroll of blinking
Potions
 c - 2 potions of curing
 g - 2 potions of magic
 h - a potion of berserk rage


   Skills:
 + Level 4.2 Fighting
 + Level 2.4 Polearms
 + Level 1.9 Armour
 + Level 1.2 Dodging
 + Level 2.7 Invocations


You had 3 spell levels left.
You didn't know any spells.

Dungeon Overview and Level Annotations

Branches:
    Zot (1/1)

Altars:


Innate Abilities, Weirdness & Mutations

You cannot wear boots.
You can spit poison.
Your serpentine skin is tough (AC +1).
You have supernaturally acute eyesight.
Armour fits poorly on your strangely shaped body.
Your system is resistant to poisons.
You cover ground very slowly.


Message History

You offer a prayer to Lugonu.
The worm corpse disappears into the void.
Lugonu is aware of your devotion.
Things that are here:
a dagger; a goblin corpse You see here the Orb of Zot.
You are too injured to fight recklessly!
You are too injured to fight recklessly!
You swing at nothing.
Your leather armour prevents you from hitting the worm.
The worm is heavily wounded.
Your extra speed is starting to run out.
Your oklob sapling spits acid at the worm.
The splash of acid hits the worm.
You hit the worm.
The worm is almost dead.
You barely miss the worm.
The worm is almost dead.
The worm bites you!
You die...

▓▓▓▓▓▓▓▓ ▓▓▓▓▓▓▓▓ ....▓▓▓▓
▓▓▓▓.... .......▓▓▓ ▓▓▓.......
.........▓▓ ▓▓.........
..........▓ ▓▓▓▓▓▓▓▓▓ ▓..........
..........▓▓▓.......▓▓▓..........
..........▓▓.........▓▓..........
..........▓.....P.....▓..........
............)..w@)...............
..........▓.....P%....▓..........
..........▓▓.........▓▓..........
..........▓▓▓.......▓▓▓..........
..........# ▓▓▓▓▓▓▓▓▓ #..........
.........## ##.........
.......### ###....... ....####
####.... ######### #########


You could see a worm and 2 friendly oklob saplings.

Vanquished Creatures
  2 worms (Zot)
  2 bats (Zot)
  2 kobolds (Zot)
  A rat (Zot)
7 creatures vanquished.

Vanquished Creatures (collateral kills)
  A crimson imp (Zot)
  A goblin (Zot)
  A kobold (Zot)
  A rat (Zot)
4 creatures vanquished.

Grand Total: 11 creatures vanquished

Notes
Turn   | Place    | Note
--------------------------------------------------------------
     0 | Zot      | Cerberito, the Naga Abyssal Knight, began the quest for the Orb.
     0 | Zot      | Reached XP level 1. HP: 21/21 MP: 1/1
   210 | Zot      | Reached XP level 2. HP: 20/28 MP: 2/2
   238 | Zot      | Reached skill level 1 in Dodging
   239 | Zot      | Noticed Waan
   248 | Zot      | Reached XP level 3. HP: 18/34 MP: 4/4
   266 | Zot      | Killed Waan the crimson imp
   266 | Zot      | Reached skill level 4 in Fighting
   266 | Zot      | Reached XP level 4. HP: 8/44 MP: 5/5
   281 | Zot      | Slain by a worm

Action                   |  1- 3 |  4- 6 || total
-------------------------+-------+-------++-------
Melee: Spear             |    43 |     3 ||    46
 Abil: Make oklob saplin |     1 |     1 ||     2
  Use: Potion            |     3 |       ||     3
 Stab: Distracted        |     1 |       ||     1
